 Dungeon Crawl Stone Soup version 0.31.0-9-g3a7656b989 (webtiles) character file.

Game seed: 13906355010148191469

147 qw the Shooter (level 5, -8/26 HPs)
             Began as a Spriggan Hunter on Feb 2, 2024.
             Killed by divine providence
             ... invoked by an orc priest
              (9 damage)
             ... on level 3 of the Dungeon.
             The game lasted 00:00:05 (1854 turns).

qw the Shooter (Spriggan Hunter)                    Turns: 1854, Time: 00:00:06

Health: -8/26      AC:  3    Str:  7    XL:     5   Next: 8%
Magic:  0/6        EV: 20    Int: 11    God:
Gold:   85         SH:  0    Dex: 20    Spells: 4/4 levels left

rFire   . . .        a - +1 shortbow
rCold   . . .        (shield currently unavailable)
rNeg    . . .        c - +0 robe
rPois   .            h - +1 hat
rElec   .            (no cloak)
rCorr   .            (gloves unavailable)
SInv    +            (boots unavailable)
Will    +....        e - amulet of guardian spirit
Stlth   ++           i - ring of willpower
HPRegen 0.24/turn    (no ring)
MPRegen 0.10/turn

%: guardian spirit
@: very quick
A: very small, no large weapons, unfitting armour, see invisible, speed 3
a: no special abilities


You were on level 3 of the Dungeon.
You visited 1 branch of the dungeon, and saw 3 of its levels.

You collected 85 gold pieces.


Innate Abilities, Weirdness & Mutations

You are very small and have problems with some larger weapons.
You are too small for most types of armour.
You have supernaturally acute eyesight. (SInv)
You cover ground extremely quickly. (Speed+++)


   Skills:
 - Level 2.0 Fighting
 + Level 5.3 Ranged Weapons
 - Level 5.0 Dodging
 - Level 1.5 Stealth


You had 4 spell levels left.
You didn't know any spells.
Your spell library was empty.

Inventory:

Hand Weapons
 a - a +1 shortbow (weapon)
Armour
 c - a +0 robe (worn)
 h - a +1 hat (worn)
Jewellery
 e - an amulet of guardian spirit (around neck)
 i - a ring of willpower (left hand)
Wands
 n - a wand of flame (25)
Potions
 d - a potion of might {unknown}
 f - a potion of ambrosia {unknown}
 j - a potion of cancellation {unknown}
 k - a potion of curing {unknown}

Dungeon Overview and Level Annotations

Branches:
Dungeon (3/15)

Altars:

Shops:
D:1 =   D:2 (

Annotations:
D:2 1 runed translucent door, Crazy Yiuf


Message History

You shoot an arrow. The arrow hits the orc priest.
The orc priest is almost dead.
The orc wizard hits you with a +0 dagger.
The orc priest closely misses you.
You shoot an arrow. The arrow hits the orc priest!
You kill the orc priest!
The orc wizard hits you with a +0 dagger.
You have reached level 5!
You feel clever.
You shoot an arrow.
The arrow closely misses the orc wizard.
You shoot an arrow. The arrow hits the orc wizard.
The orc wizard is moderately wounded.
The orc priest looks satisfied for a moment.
The orc wizard closely misses you.
The orc wizard hits you with a +0 dagger.
You shoot an arrow. The arrow hits the orc wizard.
The orc wizard is severely wounded.
The orc wizard misses you. The orc priest closely misses you.
You shoot an arrow.
The arrow closely misses the orc wizard.
The orc priest barely misses you.
The orc wizard hits you with a +0 dagger.
You shoot an arrow. The arrow misses the orc wizard.
The orc wizard completely misses you. The orc priest closely misses you.
You shoot an arrow. The arrow barely misses the orc wizard.
The orc priest closely misses you. The orc wizard closely misses you.
You shoot an arrow. The arrow barely misses the orc wizard.
The orc priest closely misses you.
The orc wizard hits you with a +0 dagger.
You shoot an arrow. The arrow hits the orc wizard.
The orc wizard is almost dead.
The orc wizard misses you. The orc priest misses you.
You shoot an arrow. The arrow barely misses the orc wizard.
The orc priest closely misses you.
The orc wizard hits you with a +0 dagger.
You shoot an arrow.
The arrow completely misses the orc wizard.
The orc priest invokes the aid of Beogh against you.
Beogh smites you!
You die...

################
........<......#
>#####..######.#
#..# ####.####
#####..###..@o...#
#..........##o##.#
...#......### .#
.#...#...## .#
#####..## .# .....
.# ####.# ## #+#


You could see an orc priest and an orc wizard (invisible).

Vanquished Creatures
  An orc priest (D:3)
  An orc wizard (D:2)
  3 gnolls (D:2)
  An adder (D:2)
  A dart slug (D:1)
  4 orcs
  5 ball pythons
  2 bats (D:1)
  3 endoplasms
  3 giant cockroaches (D:2)
  2 goblins (D:1)
  8 hobgoblins
  3 kobolds
  2 quokkas (D:1)
  7 frilled lizards
  A rat (D:1)
47 creatures vanquished.

Notes
Turn   | Place    | Note
-------+----------+-------------------------------------------
     0 | D:1      | qw the Spriggan Hunter began the quest for the Orb.
     0 | D:1      | Reached XP level 1. HP: 10/10 MP: 2/2
     0 | D:1      | 0 ||| qw: Version: 0.3-a-155-g5e7d8dd
     0 | D:1      | 0 ||| qw: Game counter: 66
     0 | D:1      | 0 ||| qw: Melee chars always use a shield: true
     0 | D:1      | 0 ||| qw: God list: Okawaru
     0 | D:1      | 0 ||| qw: Allow faded altars: false
     0 | D:1      | 0 ||| qw: Do Orc after clearing Dungeon:15 true
     0 | D:1      | 0 ||| qw: Do second Lair branch before Depths: true
     0 | D:1      | 0 ||| qw: Lair rune preference: random
     0 | D:1      | 0 ||| qw: Goals: Normal
     0 | D:1      | 0 ||| PLANNING D:1-11
   117 | D:1      | Reached skill level 3 in Dodging
   141 | D:1      | Found Rizideyr's Jewellery Shop.
   192 | D:1      | Reached XP level 2. HP: 14/14 MP: 3/3
   584 | D:1      | Reached XP level 3. HP: 18/18 MP: 4/4
   731 | D:1      | 731 ||| SHOPLISTING +4 ring of protection (468 gold, have
                  | 63).
   731 | D:1      | 731 ||| SHOPLISTING +6 ring of strength (468 gold, have
                  | 63).
   731 | D:1      | 731 ||| SHOPLISTING amulet of reflection (390 gold, have
                  | 63).
   861 | D:1      | 861 ||| UPGRADING to amulet of guardian spirit.
   866 | D:1      | 866 ||| UPGRADING to ring of willpower.
   867 | D:1      | 867 ||| READING scroll labelled XEOSECS GURAGH.
   867 | D:1      | 867 ||| ENCHANTING +0 shortbow.
   868 | D:1      | 868 ||| READING scroll labelled OVVUOX JENASTREIHIA.
   869 | D:1      | 869 ||| READING scroll labelled TEBBUUNEMU.
   970 | D:1      | 970 ||| DROPPING scroll of butterflies.
  1049 | D:2      | Found Igoasmau's Antique Weapon Shop.
  1052 | D:2      | 1052 ||| SHOPLISTING glowing arbalest (172 gold, have 63).
  1156 | D:2      | 1156 ||| RETREEEEATING.
  1158 | D:2      | Reached XP level 4. HP: 20/22 MP: 3/5
  1168 | D:2      | HP: 5/22 [gnoll/+0 flail (8)]
  1447 | D:2      | Found a runed translucent door.
  1448 | D:2      | Noticed Crazy Yiuf
  1784 | D:2      | 1784 ||| UPGRADING to +1 hat.
  1789 | D:2      | 1789 ||| READING scroll labelled XESIYM MEOBI.
  1790 | D:2      | 1790 ||| READING scroll labelled VUPAEPPELEN.
  1791 | D:2      | 1791 ||| READING scroll labelled XEODISHE DIKKU.
  1792 | D:2      | 1792 ||| READING scroll labelled BACKINWADEM.
  1844 | D:3      | HP: 4/23 [orc wizard/+0 dagger (2)]
  1845 | D:3      | Reached XP level 5. HP: 4/26 MP: 1/6
  1848 | D:3      | HP: 1/26 [orc wizard/+0 dagger (3)]
  1853 | D:3      | HP: 1/26 [orc wizard/+0 dagger (1)]
  1854 | D:3      | Killed from afar by an orc priest

Levels and vault maps discovered:
D:1:      minmay_arrival_widening_spiral_narrow, layout_loops_ring,
          serial_shops, nicolae_shop_tiny_waterfront
D:2:      layout_loops_ring, serial_shops, nicolae_shop_tiny_real_fake_doors,
          kennysheep_nondescript, grunt_ministairs_6, uniq_crazy_yiuf_cottage
D:3:      layout_loops_corners

Skill      XL: |  1  2  3  4 |
---------------+-------------+-----
Dodging        | 3 4 5 |  5.0
Ranged Weapons | 5 |  5.3
Fighting       | 2 |  2.0
Stealth        | |  1.5

Action                     |  1- 3 |  4- 6 || total
---------------------------+-------+-------++-------
   Fire: Shortbow          |    76 |    76 ||   152
    Use: Scroll            |     3 |     4 ||     7
 Armour: Robe              |     3 |    24 ||    27
  Dodge: Dodged            |    10 |    67 ||    77

Table legend:
 A = Non-vault XP
 B = Vault XP
 C = Vault XP percentage of total XP
 D = Non-vault monster count
 E = Vault monster count
 F = Vault count percentage of total count
                 A         B        C        D         E       F
            +---------+---------+-------+---------+---------+-------
      Total |     207 |       4 |   1.9 |      45 |       2 |   4.3
            +---------+---------+-------+---------+---------+-------
        D:1 |      41 |       0 |   0.0 |      23 |       0 |   0.0
        D:2 |     119 |       4 |   3.3 |      19 |       2 |   9.5
        D:3 |      47 |       0 |   0.0 |       3 |       0 |   0.0
            +---------+---------+-------+---------+---------+-------
